Map: Acropolis LE

Players

HellraiseR

  • Race: Protoss Protoss
  • Spawn Location: 5:00

Lambo - Winner!

  • Race: Zerg Zerg
  • League: Grandmaster
  • Spawn Location: 11:00

Event: HomeStory Cup XX

VOD

Have the link to the VOD?

Description

Time

  • Played on: Nov. 22, 2019, 6:16 a.m.
  • Length: 9:39

All games in this series

Show
View Real Time Build Order
Export as new Build Order

HellraiseR Protoss 

Build Orders: 1 Gate Expand, Oracle Opening, Phoenix Opening, Archon Immortal 

Get SALT Encoding   

  12  0:01  Probe  
  13  0:13  Probe  
  14  0:21  Pylon  
  14  0:25  Probe  
  15  0:35  Probe  
  15  0:41  Gateway  
  16  0:43  Probe  
  16  0:49  Assimilator  
  17  0:54  Probe  
  18  1:06  Probe  
  19  1:21  Nexus  
  19  1:24  Probe  
  20  1:35  Cybernetics Core  
  20  1:37  Probe  
  21  1:42  Assimilator  
  21  1:49  Probe  
  22  1:54  Pylon  
  22  2:00  Probe  
  22  2:03  Adept  
  23  2:08  Probe  
  26  2:17  Probe  
  26  2:18  Stargate  
  27  2:29  Warp Gate, Probe x2  
  28  2:36  Adept  
  31  2:37  Probe  
  31  2:41  Probe  
  33  2:47  Probe  
  34  2:53  Probe  
  34  2:58  Phoenix  
  35  3:00  Probe  
  35  3:05  Probe  
  39  3:08  Pylon  
  39  3:12  Probe  
  39  3:13  Oracle  
  39  3:17  Probe, Gateway  
  40  3:25  Probe  
  44  3:29  Probe  
  44  3:33  Assimilator  
  45  3:35  Assimilator  
  45  3:37  Probe  
  46  3:41  Probe  
  46  3:45  Pylon  
  46  3:46  Oracle  
  47  3:49  Probe  
  47  3:53  Probe  
  52  4:01  Probe  
  53  4:03  Robotics Facility  
  53  4:05  Probe  
  54  4:11  Pylon  
  54  4:13  Probe  
  55  4:17  Oracle  
  55  4:18  Probe  
  55  4:22  Pylon  
  55  4:23  Zealot  
  58  4:25  Probe  
  58  4:30  Probe  
  63  4:38  Probe  
  64  4:40  Nexus  
  64  4:42  Sentry  
  64  4:44  Sentry  
  68  4:48  Pylon  
  68  4:49  Probe  
  70  4:52  Observer  
  70  4:54  Probe  
  71  5:01  Probe  
  71  5:02  Twilight Council  
  71  5:04  Forge  
  71  5:05  Immortal  
  71  5:06  Probe  
  73  5:13  Probe  
  74  5:18  Probe  
  74  5:20  Protoss Ground Weapons Level 1  
  79  5:26  Probe  
  80  5:30  Probe  
  80  5:35  Gateway  
  81  5:36  Gateway  
  81  5:38  Charge, Probe  
  81  5:42  Probe  
  83  5:46  Immortal  
  83  5:50  Probe  
  83  5:54  Probe  
  89  5:58  Probe, Templar Archives  
  89  6:02  Probe  
  91  6:06  Probe  
  91  6:10  Probe, Gateway  
  93  6:12  Gateway  
  93  6:14  Probe  
  93  6:17  Immortal  
  94  6:18  Gateway  
  94  6:19  Gateway  
  94  6:23  Assimilator  
  94  6:24  Pylon  
  96  6:26  Assimilator  
  96  6:28  Probe x2  
  96  6:30  Probe  
  101  6:42  Probe x2  
  101  6:43  Shield Battery  
  101  6:46  Photon Cannon  
  103  6:47  Pylon, High Templar x2  
  103  6:49  Probe  
  103  6:50  Pylon  
  103  6:53  Warp Prism, Archon  
  108  7:06  High Templar  
  108  7:07  High Templar, Zealot  
  116  7:09  Nexus  
  116  7:10  Pylon  
  116  7:13  Archon  
  116  7:20  Pylon  
  116  7:22  Immortal, Probe  
  117  7:27  Pylon  
  118  7:30  Gateway  
  118  7:32  Pylon  
  118  7:34  Gateway  
  118  7:36  High Templar x2, Zealot x2  
  126  7:40  Phoenix  
  126  7:46  Pylon, Shield Battery  
  126  7:50  Photon Cannon  
  128  7:53  Archon  
  128  7:56  Immortal  
  128  7:59  High Templar  
  128  8:00  High Templar  
  136  8:06  Phoenix  
  136  8:07  Archon  
  136  8:15  Zealot x2  
  136  8:16  Zealot x4  
  136  8:17  Probe  
  136  8:18  Probe  
  141  8:20  Probe  
  136  8:30  Stalker  
  136  8:31  Stalker x2, Phoenix  
  136  8:36  Photon Cannon  
  136  8:38  Stalker  
  133  8:42  Stalker x2  
  133  8:46  Probe  
  133  8:47  Probe  
  132  8:52  Stalker  
  121  8:56  Probe  
  121  9:02  Probe  
  121  9:04  Probe  
  121  9:06  Probe  
  110  9:12  Probe  
  110  9:13  Zealot x4  
  110  9:15  Probe  
  118  9:19  Probe x2  
  95  9:30  High Templar  
  95  9:31  High Templar  
  99  9:34  Archon  
Show
View Real Time Build Order
Export as new Build Order

Lambo Zerg - Winner!

Build Orders: Hatch First, Muta Ling Bane 

Get SALT Encoding   

  12  0:00  Drone  
  13  0:13  Overlord  
  13  0:17  Drone  
  14  0:31  Drone x2  
  16  0:48  Hatchery  
  15  0:51  Drone  
  15  0:55  Drone  
  17  0:57  Drone  
  18  1:09  Extractor  
  17  1:13  Spawning Pool  
  17  1:16  Drone  
  17  1:19  Drone  
  18  1:28  Drone  
  19  1:40  Overlord  
  19  1:54  Drone  
  19  1:59  Queen  
  19  2:00  Zergling x2, Queen  
  19  2:01  Zergling x2  
  26  2:10  Drone  
  26  2:12  Drone  
  28  2:22  Drone  
  29  2:23  Drone  
  30  2:31  Hatchery  
  30  2:33  Drone  
  30  2:37  Pneumatized Carapace  
  30  2:43  Drone  
  32  2:44  Drone  
  32  2:46  Overlord  
  32  2:54  Queen  
  32  2:57  Drone  
  35  3:02  Drone  
  36  3:08  Drone x4  
  39  3:13  Overlord  
  39  3:21  Drone  
  39  3:22  Metabolic Boost  
  39  3:24  Drone  
  41  3:30  Queen  
  41  3:31  Overlord  
  41  3:33  Zergling x2  
  44  3:37  Zergling x2  
  44  3:41  Drone x2  
  47  3:43  Drone  
  47  3:44  Drone  
  47  3:47  Spore Crawler, Drone  
  49  3:52  Spore Crawler  
  49  3:54  Zergling x2  
  49  3:55  Drone  
  50  3:56  Queen  
  50  4:02  Drone x2  
  54  4:05  Drone x3  
  54  4:08  Overlord  
  57  4:10  Drone  
  57  4:13  Drone x2  
  57  4:15  Spore Crawler  
  57  4:16  Extractor  
  58  4:22  Drone x2  
  58  4:23  Drone  
  63  4:28  Lair  
  63  4:30  Roach Warren  
  62  4:31  Extractor  
  62  4:33  Extractor, Drone x2  
  62  4:34  Drone x2  
  62  4:37  Drone  
  62  4:38  Queen  
  65  4:41  Drone x2  
  65  4:43  Drone  
  70  4:49  Overlord  
  70  4:50  Drone  
  70  4:51  Drone  
  70  4:52  Drone  
  73  4:55  Overlord  
  73  4:56  Overlord  
  73  4:57  Drone, Evolution Chamber  
  73  5:01  Extractor  
  73  5:02  Drone, Evolution Chamber  
  73  5:05  Overlord  
  73  5:06  Drone  
  73  5:09  Drone x4  
  73  5:10  Extractor  
  73  5:11  Drone  
  73  5:12  Drone  
  78  5:14  Drone x2  
  78  5:17  Drone  
  81  5:23  Drone  
  81  5:25  Drone x2  
  81  5:27  Zerg Missile Weapons Level 1  
  81  5:28  Extractor  
  83  5:29  Zerg Melee Weapons Level 1  
  83  5:32  Glial Reconstitution  
  83  5:33  Roach x3  
  89  5:41  Queen  
  91  5:44  Overlord  
  91  5:47  Hatchery  
  91  5:48  Drone x2  
  92  5:52  Roach, Spire  
  92  5:56  Drone  
  94  5:58  Baneling Nest  
  94  6:01  Roach x2  
  94  6:02  Overlord  
  97  6:05  Overseer  
  97  6:08  Roach x3  
  103  6:18  Zergling x4  
  105  6:20  Overlord x2  
  105  6:24  Overlord  
  105  6:27  Overlord  
  105  6:35  Spore Crawler  
  105  6:39  Zergling x16  
  112  6:43  Centrifical Hooks  
  112  6:45  Drone x4  
  116  6:58  Overlord  
  116  7:00  Roach x3  
  116  7:01  Roach x2  
  126  7:12  Mutalisk x8  
  126  7:13  Overlord  
  126  7:15  Roach x2  
  146  7:21  Baneling x2  
  146  7:32  Drone x2  
  146  7:33  Zergling x8, Drone x2, Roach  
  146  7:35  Baneling x10  
  146  7:36  Baneling x2, Overlord  
  156  7:40  Zergling x4, Roach  
  160  7:50  Overlord x2  
  160  7:51  Overlord  
  160  7:52  Overlord  
  160  7:58  Overlord  
  160  7:59  Overlord  
  160  8:01  Ravager  
  160  8:02  Hatchery  
  160  8:03  Zergling x16  
  168  8:11  Zergling x14  
  173  8:17  Zergling x4  
  175  8:21  Zergling x10  
  175  8:23  Baneling  
  175  8:24  Baneling x15  
  175  8:26  Zergling x6  
  182  8:27  Zergling x2  
  182  8:29  Roach  
  185  8:39  Zergling x18  
  194  8:47  Zergling x10  
  198  8:51  Zergling x4  
  187  8:56  Zergling x4  
  187  9:00  Ravager x2  
  191  9:04  Zergling x4  
  191  9:08  Baneling x14  
  192  9:10  Zergling x10  
  192  9:15  Zergling x2  
  194  9:19  Zergling x2  
  194  9:20  Zergling x4  
Tags
 
Add a new tag
Caveats
  • Supply blocks, unpowered buildings, or Contaminate may cause inaccurate times.
  • Supply counts are checked every 10 seconds.